 Dungeon Crawl Stone Soup version 0.28-a0-1415-g7c84da036a (webtiles) character file.

Game seed: 16966675852035193597

63 eustatius the Covered (level 4, -1/35 HPs)
             Began as a Djinni Fighter on Jan 8, 2022.
             Was a Priest of Jiyva.
             Killed by divine providence
             ... invoked by an orc priest
              (12 damage)
             ... on level 3 of the Dungeon.
             The game lasted 00:04:42 (1995 turns).

eustatius the Covered (Djinni Fighter)              Turns: 1995, Time: 00:04:42

Health: -1/35      AC: 13    Str: 17    XL:     4   Next: 31%
Gold:   91         EV:  9    Int:  9    God:    Jiyva [***...] SH:  5 Dex: 13

rFire   + + .      SeeInvis .   a - +0 long sword
rCold   x . .      Faith    .   c - +0 buckler
rNeg    . . .      Spirit   .   b - +0 scale mail
rPois   ∞          Reflect  .   (no helmet)
rElec   .          Harm     .   (no cloak)
rCorr   +          Rampage  .   (no gloves)
Will    .....                   (boots unavailable)
Stlth   ..........              (no amulet)
HPRegen 1.23/turn               (no ring)
MPRegen 0.00/turn               (no ring)

@: flying
A: sickness immunity, fire resistance 2, cold vulnerability 1, float, innate
caster, hp casting, extra vitality 1, iridescent scales 3, MP-powered wands
a: Renounce Religion, Oozemancy


You were on level 3 of the Dungeon.
You worshipped Jiyva.
Jiyva was most pleased with you.
You visited 1 branch of the dungeon, and saw 3 of its levels.

You collected 91 gold pieces.

Inventory:

Hand Weapons
 a - a +0 long sword (weapon)
Armour
 b - a +0 scale mail (worn)
 c - a +0 buckler (worn)
Scrolls
 e - a scroll of enchant armour {unknown}
 f - 4 scrolls of identify {unknown}
 h - a scroll of blinking {unknown}
 i - a scroll of magic mapping {unknown}
 j - a scroll of amnesia {unknown}
 k - a scroll of holy word {unknown}
Potions
 d - 2 potions of might
 g - a potion of ambrosia {unknown}
 l - a potion of cancellation {unknown}
 m - a potion of curing {unknown}


   Skills:
 + Level 3.4 Fighting
 + Level 2.1 Long Blades
 + Level 3.8 Armour
 + Level 3.5 Shields


You had 2 spell levels left.
You knew the following spells:

 Your Spells              Type           Power      Damage    Failure   Level
a - Apportation           Tloc           0%         N/A       86%         1
Your spell library was empty.

Dungeon Overview and Level Annotations

Branches:
Dungeon (3/15)

Altars:
Jiyva


Innate Abilities, Weirdness & Mutations

You are immune to sickness and miasma.
You are immune to poison.
Your flesh is very heat resistant. (rF++)
You are vulnerable to cold. (rC-)
You float through the air rather than walking.
You learn spells naturally, not from books.
Your magical power is your life essence.
You have superior vitality. (+4 MHP)
You are completely covered in iridescent scales. (AC +6)
You expend health (3 HP) to strengthen your wands.


Message History

An orc comes into view. It is wielding a +0 short sword.
An orc priest comes into view. It is wielding a +0 short sword.
The orc hits you but does no damage.
You barely miss the orc.
The orc priest shouts!
An orc comes into view. It is wielding a +0 club.
The orc hits you but does no damage.
The orc shouts!
You hit the orc.
The orc is heavily wounded.
You hear a distant slurping noise.
The orc closely misses you.
You slash the orc!
You kill the orc!
An orc comes into view. It is wielding a +0 club.
You hear a distant slurping noise.
You closely miss the orc.
You hear a distant slurping noise.
The orc hits you but does no damage.
You barely miss the orc priest. The orc priest completely misses you.
The orc closely misses you. The orc hits you but does no damage.
You hear a distant slurping noise.
The orc priest looks braver for a moment.
You barely miss the orc. The orc hits you but does no damage.
You closely miss the orc. The orc hits you but does no damage.
The orc priest invokes the aid of Beogh against you.
Beogh smites you! The orc hits you but does no damage.
You hit the orc.
The orc is heavily wounded.
The orc closely misses you.
The orc priest calls upon Beogh to heal the orc.
The orc's wounds heal themselves!
The orc hits you with a +0 short sword.
The orc priest mumbles some strange prayers to Beogh against you.
Beogh smites you!
* * * LOW HITPOINT WARNING * * *
The orc priest hits you but does no damage.
The orc priest calls down the wrath of Beogh upon you.
Beogh smites you!
You die...

............#######.#..........
.##########....................
..........#.......#............
..........'.....................#
..........##.###..##............#
..........##.# #..##.#...#..#....
..........##.###.................
#.........##......#..#..........#
####............@........##......
#J#.#########.#####.......##.#
####.#.....#>...ooo........).....
.................o......#.....###
...#.).....#............#.#......
...###.#####............#.#.#.##.
...# #.# #.#.........##.....#
...# #.#####..#.###............
...# #............###..##.#.####


You could see an orc priest and 2 orcs.

Vanquished Creatures
  3 adders
  A dart slug (D:2)
  3 orcs (D:3)
  An endoplasm (D:1)
  A giant cockroach (D:3)
  2 goblins
  6 hobgoblins
  6 ball pythons
  2 bats
  2 frilled lizards (D:1)
  4 kobolds
  3 rats
34 creatures vanquished.

Vanquished Creatures (others)
  An endoplasm (D:3)
  A bat (D:2)
  6 kobolds (D:2)
  7 fungi (D:2)
  10 toadstools (D:2)
25 creatures vanquished.

Grand Total: 59 creatures vanquished

Notes
Turn   | Place    | Note
-------+----------+-------------------------------------------
     0 | D:1      | eustatius the Djinni Fighter began the quest for the Orb.
     0 | D:1      | Reached XP level 1. HP: 20/20 MP: 0/0
   531 | D:1      | Found a faded altar of an unknown god.
   550 | D:1      | Prayed at the altar of an unknown god.
   550 | D:1      | Became a worshipper of Jiyva Jupnymn the Shapeless
   550 | D:1      | Reached * piety under Jiyva
   672 | D:1      | Reached XP level 2. HP: 25/25 MP: 0/0
  1041 | D:2      | Reached ** piety under Jiyva
  1155 | D:2      | Reached XP level 3. HP: 15/30 MP: 0/0
  1155 | D:2      | Learned a level 1 spell: Apportation
  1644 | D:3      | Reached *** piety under Jiyva
  1700 | D:3      | Reached XP level 4. HP: 35/35 MP: 0/0
  1838 | D:3      | Gained mutation: You expend health (3 HP) to strengthen
                  | your wands. [Jiyva's grace]
  1838 | D:3      | Gained mutation: You are partially covered in iridescent
                  | scales. (AC +2) [Jiyva's grace]
  1838 | D:3      | Gained mutation: You are mostly covered in iridescent
                  | scales. (AC +4) [Jiyva's grace]
  1838 | D:3      | Gained mutation: You are completely covered in iridescent
                  | scales. (AC +6) [Jiyva's grace]
  1995 | D:3      | Killed from afar by an orc priest

Illustrated notes

Levels and vault maps discovered:
D:1:      dpeg_arrival_another_circle, layout_basic,
          hellmonk_ecumenical_altar_crossroads, grunt_decor_arrowhead,
          minmay_misc_feat_nine_boxes
D:2:      cheibrodos_fertilizer, layout_basic
D:3:      layout_basic, hangedman_decor_growths

Skill      XL: |  1  2 |
---------------+-------+-----
Long Blades    | 2 |  2.1
Fighting       | |  3.4
Armour         | |  3.8
Shields        | |  3.5

Action                   |  1- 3 |  4- 6 || total
-------------------------+-------+-------++-------
Melee: Long sword        |   116 |    20 ||   136
Armor: Scale mail        |    68 |    15 ||    83
Dodge: Dodged            |    59 |     8 ||    67
Block: Buckler           |    30 |       ||    30

Table legend: (Time is in decaauts)
 A = Elapsed time spent in this place.
 B = Non-inter-level travel time spent in this place.
 C = Inter-level travel time spent in this place.
 D = Time resting spent in this place.
 E = Time spent auto-exploring this place.
 F = Levels seen in this place.
 G = Mean time per level.
                   A        B        C        D        E       F      G
               +--------+--------+--------+--------+--------+-----+--------+
         Total |   2041 |   2014 |     27 |    194 |   1194 |   3 |  680.3 |
       Dungeon |   2041 |   2014 |     27 |    194 |   1194 |   3 |  680.3 |
               +--------+--------+--------+--------+--------+-----+--------+

Top non-repeatable levels by time:
     D:1: 1035 daAuts
     D:2: 584 daAuts
     D:3: 422 daAuts
